 Dungeon Crawl Stone Soup version 0.27-a0-577-ge2a43ba0c9 (webtiles) character file.

Game seed: 1734842809293122405

200 nightchill the Sneak (level 6, -2/38 HPs)
             Began as a Kobold Brigand on Mar 9, 2021.
             Slain by an orc wizard
             ... wielding a +0 dagger
              (4 damage)
             ... on level 3 of the Dungeon.
             The game lasted 00:05:13 (2806 turns).

nightchill the Sneak (Kobold Brigand)               Turns: 2806, Time: 00:05:14

Health: -2/38      AC:  3    Str:  9    XL:     6   Next: 7%
Magic:  6/6        EV: 14    Int: 12    God:
Gold:   171        SH:  0    Dex: 18    Spells: 5/5 levels left

rFire    . . .     SeeInvis .   a - +2 dagger
rCold    . . .     Faith    .   (shield restricted)
rNeg     . . .     Spirit   .   b - +0 robe
rPois    .         Reflect  .   (no helmet)
rElec    .         Harm     .   c - +0 cloak
rCorr    .         Rampage  .   (no gloves)
Will     .....                  (no boots)
Stlth    ++........             (no amulet)
HPRegen  0.12/turn              (no ring)
MPRegen  0.10/turn              (no ring)

@: confused, attractive
A: small, nightstalker 3
a: no special abilities


You were on level 3 of the Dungeon.
You visited 1 branch of the dungeon, and saw 3 of its levels.

You collected 171 gold pieces.

Inventory:

Hand Weapons
 a - a +2 dagger (weapon)
Missiles
 d - 26 poisoned darts (quivered)
 e - 2 curare-tipped darts
 k - 44 stones
Armour
 b - a +0 robe (worn)
 c - a +0 cloak (worn)
Scrolls
 f - a scroll of immolation {unknown}
 g - 2 scrolls of identify {unknown}
 j - 3 scrolls of fear {unknown}
 m - 4 scrolls of teleportation {unknown}
 n - a scroll of magic mapping {unknown}
 o - a scroll of enchant weapon {unknown}


   Skills:
 + Level 3.6 Fighting
 - Level 2.6(4.2) Short Blades
 * Level 3.0(3.2) Long Blades
 - Level 2.1 Throwing
 - Level 1.2 Dodging
 + Level 6.5 Stealth


You had 5 spell levels left.
You didn't know any spells.
Your spell library was empty.

Dungeon Overview and Level Annotations

Branches:
Dungeon (3/15)

Altars:
Cheibriados
Kikubaaqudgha
Makhleb
Nemelex Xobeh
Ru

Annotations:
D:2 1 runed translucent door, Crazy Yiuf


Innate Abilities, Weirdness & Mutations

You are small and have problems with some larger weapons.
You are completely attuned to the shadows.


Message History

The magic dart hits you.
* * * LOW HITPOINT WARNING * * *
You feel less attractive to monsters.
Okay, then.
You aren't carrying any items that you can evoke.
You miss something. Something hits you.
* * * LOW HITPOINT WARNING * * *
You barely miss something. You hit something. You hit something.
Something hits you.
* * * LOW HITPOINT WARNING * * *
Unknown command.
You hit something. Something hits you but does no damage.
You barely miss something.
You hear some strange, mumbled words.
A puff of flame appears from out of thin air!
The puff of flame hits something!
Reactivating autopickup.
You feel a bit more experienced.
You hear some strange, mumbled words.
Deactivating autopickup; reactivate with Ctrl-A.
You are confused.
You're too confused to move!
A magic dart appears from out of thin air!
The magic dart hits you.
* * * LOW HITPOINT WARNING * * *
Unknown command.
Okay, then.
You're too confused to attack without stumbling around!
Really quaff the potion of attraction?
You feel attractive to monsters. Something is pulled toward you!
The orc is pulled toward you!
You're too confused to attack without stumbling around!
You barely miss something.
You bump into the rock wall.
You hear some strange, mumbled words.
A puff of flame appears from out of thin air!
The puff of flame misses you.
You bump into the rock wall.
Something hits you.
You die...

#...#### ##.##
#.# #.# #. #..#
#.# #.###..#
#.# ......##
#.#
#.#$....#####.#
#...)....o{@..#
..#.)...#######
##...## ##.##
###


You could see an orc.

Vanquished Creatures
  An orc priest (D:3)
  An orc wizard (D:3)
  6 adders
  4 worms
  A dart slug (D:1)
  A leopard gecko (D:2)
  4 orcs (D:3)
  A ball python (D:2)
  9 bats
  5 giant cockroaches
  9 goblins
  3 hobgoblins
  A quokka (D:3)
  3 frilled lizards (D:2)
  9 kobolds
  11 rats
69 creatures vanquished.

Vanquished Creatures (others)
  An orc wizard (D:3)
1 creature vanquished.

Grand Total: 70 creatures vanquished

Notes
Turn   | Place    | Note
-------+----------+-------------------------------------------
     0 | D:1      | nightchill the Kobold Brigand began the quest for the Orb.
     0 | D:1      | Reached XP level 1. HP: 12/12 MP: 1/1
   188 | D:1      | Reached XP level 2. HP: 18/18 MP: 2/2
   198 | D:1      | Reached skill level 1 in Long Blades
   390 | D:1      | Reached XP level 3. HP: 22/22 MP: 3/3
   480 | D:1      | You fall into a shaft and drop 1 floor!
   657 | D:2      | Found a sacrificial altar of Ru.
   978 | D:2      | Reached XP level 4. HP: 27/27 MP: 4/4
  1350 | D:2      | Found a burning altar of Makhleb.
  1388 | D:2      | Found a snail-covered altar of Cheibriados.
  1428 | D:2      | Found an ancient bone altar of Kikubaaqudgha.
  1612 | D:2      | Found a sparkling altar of Nemelex Xobeh.
  1887 | D:2      | Found a runed translucent door.
  1890 | D:2      | Noticed Crazy Yiuf
  2114 | D:3      | Reached skill level 6 in Stealth
  2259 | D:3      | Reached XP level 5. HP: 32/32 MP: 5/5
  2785 | D:3      | Reached XP level 6. HP: 11/37 MP: 6/6
  2802 | D:3      | HP: 1/38 [something/magic dart (4)]
  2806 | D:3      | Slain by an orc wizard

Illustrated notes

Levels and vault maps discovered:
D:1:      minmay_arrival_doors, layout_rooms, minmay_misc_feat_chi,
          chequers_serial_rivers_room_a, minmay_tall_x
D:2:      minmay_chambers_of_ones, layout_basic, nemelex_altar_shiori,
          nicolae_overflow_crystal_walls, overflow_temple_1_default,
          cheibriados_altar_1, general_overflow_altar, uniq_crazy_yiuf_cottage
D:3:      layout_loops_ring, feat_on_display

Skill      XL: |  1  2  3  4  5 |
---------------+----------------+-----
Long Blades    | 1 2 3 |  3.0
Fighting       | 3 |  3.6
Stealth        | 6 |  6.5
Short Blades   | |  2.6
Throwing       | |  2.1
Dodging        | |  1.2

Action                   |  1- 3 |  4- 6 || total
-------------------------+-------+-------++-------
Melee: Dagger            |   108 |   110 ||   218
Throw: Dart              |       |     3 ||     3
  Use: Potion            |       |     4 ||     4
 Stab: Sleeping          |    15 |    23 ||    38
       Distracted        |     1 |       ||     1
Armor: Robe              |    21 |    26 ||    47
Dodge: Dodged            |    83 |    67 ||   150

Table legend: (Time is in decaauts)
 A = Elapsed time spent in this place.
 B = Non-inter-level travel time spent in this place.
 C = Inter-level travel time spent in this place.
 D = Time resting spent in this place.
 E = Time spent auto-exploring this place.
 F = Levels seen in this place.
 G = Mean time per level.
                   A        B        C        D        E       F      G
               +--------+--------+--------+--------+--------+-----+--------+
         Total |   2768 |   2750 |     18 |    623 |   1608 |   3 |  922.7 |
       Dungeon |   2768 |   2750 |     18 |    623 |   1608 |   3 |  922.7 |
               +--------+--------+--------+--------+--------+-----+--------+

Top non-repeatable levels by time:
     D:2: 1614 daAuts
     D:3: 679 daAuts
     D:1: 474 daAuts
